 Dungeon Crawl Stone Soup version 0.20-a0-432-g25cc1b4 (webtiles) character file.

3052 gitgud34 the Covert (level 9, 0/39 HPs)
             Began as a Spriggan Enchanter on Jan 2, 2017.
             Was a Follower of Ashenzari.
             Shot with an arrow by a centaur (13 damage)
             ... on level 7 of the Dungeon.
             The game lasted 00:35:37 (8629 turns).

gitgud34 the Covert (Spriggan Enchanter)            Turns: 8629, Time: 00:35:38

Health: 0/39       AC:  4    Str:  5    XL:     9   Next: 57%
Magic:  18/23      EV: 18    Int: 19    God:    Ashenzari [*.....]
Gold:   382        SH:  4    Dex: 18    Spells: 14/26 levels left

rFire  . . .     SeeInvis +     a - +2 dagger
rCold  . . .     Gourm    .     b - +1 robe
rNeg   . . .     Faith    .     (shield restricted)
rPois  .         Spirit   .     (helmet restricted)
rElec  .         Reflect  +     D - +0 cloak
rCorr  .         Harm     .     (gloves unavailable)
MR     +....                    (boots unavailable)
Stlth  ++++++....               f - +4 amulet of reflection (curse)
                                h - ring of stealth (curse)
                                u - +2 ring of dexterity (curse)

@: very quick
A: unfitting armour, see invisible, herbivore 3, speed 3, slow metabolism 2
a: Curse Item, Scrying, Renounce Religion


You were on level 7 of the Dungeon.
You worshipped Ashenzari.
Ashenzari was aware of your devotion.
You were not hungry.

You visited 2 branches of the dungeon, and saw 9 of its levels.

You collected 382 gold pieces.

Inventory:

Hand Weapons
 a - a +2 dagger (weapon)
Armour
 b - a +1 robe (worn)
 D - a +0 cloak (worn)
Jewellery
 f - a cursed +4 amulet of reflection (around neck)
 h - a cursed ring of stealth (right hand)
 p - an uncursed amulet of rage
 u - a cursed +2 ring of dexterity (left hand)
 w - an uncursed ring of protection from magic
 x - an uncursed ring of poison resistance
 y - an uncursed ring of wizardry
 B - an uncursed ring of wizardry
Wands
 A - a wand of clouds (9/9)
 E - a wand of disintegration (17/24)
 F - a wand of scattershot (3/9)
 H - a wand of enslavement (13/24)
Scrolls
 j - a scroll of blinking
 m - a scroll of enchant weapon
 o - a scroll of recharging
 r - a scroll of remove curse
 C - a scroll of teleportation
Potions
 e - a potion of agility
 g - a potion of mutation {unknown}
 i - a potion of cure mutation {unknown}
 l - a potion of haste {unknown}
 n - a potion of curing {unknown}
 q - 2 potions of heal wounds
 s - a potion of ambrosia {unknown}
 t - a potion of cancellation {unknown}
 v - 2 potions of lignification {unknown}
 z - 3 potions of brilliance
Books
 c - a book of Maledictions

   Spells                             Type                      Level
   a - Corona                         Hexes                        1
   b - Ensorcelled Hibernation        Hexes/Ice                    2
   c - Confuse                        Hexes                        3
   d - Tukima's Dance                 Hexes                        3
   e - Dazzling Spray                 Conjuration/Hexes            3
Comestibles
 d - 4 bread rations
 k - 7 fruits
 G - a slice of pizza
 I - 7 royal jellies


   Skills:
 - Level 1.1 Short Blades
 - Level 3.0 Dodging
 + Level 11.8 Stealth
 * Level 9.2 Spellcasting
 + Level 3.0 Conjurations
 + Level 8.1 Hexes
 + Level 3.3 Ice Magic


You had 14 spell levels left.
You knew the following spells:

 Your Spells              Type           Power        Failure   Level  Hunger
a - Corona                Hex            #####..      1%          1    None
b - Ensorcelled Hibernat  Hex/Ice        ####..       1%          2    None
c - Confuse               Hex            #####...     1%          3    None
d - Tukima's Dance        Hex            #####...     1%          3    None
e - Dazzling Spray        Conj/Hex       ####..       2%          3    None


Dungeon Overview and Level Annotations

Branches:
Dungeon (8/15)             Temple (1/1) D:4
   Lair: D:8-11

Altars:
Ashenzari
Cheibriados
Elyvilon
Fedhas
Gozag
Hepliaklqana
Kikubaaqudgha
Makhleb
Nemelex Xobeh
Qazlal
Sif Muna
Trog
Vehumet
Xom
The Shining One

Annotations:
D:4 exclusion: statue
D:8 Erica


Innate Abilities, Weirdness & Mutations

You are very small and have problems with some larger weapons.
You are too small for most types of armour.
You have supernaturally acute eyesight. (SInv)
You are a herbivore.
You cover ground extremely quickly.
You need consume almost no food.


Message History

The warg barely misses you.
Casting: Ensorcelled Hibernation
Confirm with . or Enter, or press ? or * to list all spells.
Aiming: Ensorcelled Hibernation
Press: ? - help, Shift-Dir - straight line, f - warg
Aim: a warg (chance to defeat MR: 41%)
The warg resists with some effort.
You block the warg's attack.
A centaur comes into view.
Ashenzari warns you: It is carrying a shortbow of flaming.
Casting: Ensorcelled Hibernation
Confirm with . or Enter, or press ? or * to list all spells.
Aiming: Ensorcelled Hibernation
Press: ? - help, Shift-Dir - straight line, f/p - warg
Aim: a warg (chance to defeat MR: 41%)
The warg resists with some effort.
The centaur shouts!
The centaur wields a shortbow of flaming.
It bursts into flame!
The centaur shoots an arrow.
The arrow barely misses you.
The centaur shoots an arrow.
The arrow hits you!
You die...

..<......#.......###..........#
##.......#.......#.'..........#
#.....####.......#)#..........#
...#..## ###.#####.#..........#
..##...## #.# #.#######...##
.###....# #.#####.......#...#
....##..# #..........##.#...#
.##.###.#############.##.#...#
................@.h.l..)>#...#
.#######.####c#.###.###.######
.# #.# #.#.# #.# #.# .# #.##
#.#.###.###.# .# #..#
#.#.........##
#########.###.#'##.......#
.................#.......#
.....[.....##....#.......#
...........##.%..#.......#


You could see a warg, a centaur and an iguana.

Vanquished Creatures
  The ghost of WobbleTop the Covert, a novice OpFi (D:4)
  A queen bee (D:8)
  A warg (D:7)
  2 orc warriors
  A phantom (D:7)
  4 ogres
  A centaur (D:6)
  3 bullfrogs
  14 killer bees
  A howler monkey (D:5)
  2 crimson imps
  2 hounds
  A quasit (D:8)
  5 orc priests
  A jelly (D:4)
  2 bullfrog skeletons
  6 worker ants
  An iguana (D:4)
  3 orc wizards
  A howler monkey zombie (D:6)
  4 gnolls (D:6)
  2 howler monkey skeletons
  9 adders
  An adder zombie (D:5)
  4 worms
  A dart slug (D:3)
  5 leopard geckos
  15 orcs
  4 giant cockroaches
  6 hobgoblins
  5 jackals
  9 kobolds
  2 quokkas (D:6)
  A ball python (D:3)
  7 bats
  A frilled lizard (D:3)
  6 goblins
  A quokka skeleton (D:4)
  14 rats
150 creatures vanquished.

Vanquished Creatures (others)
  2 plants (D:8)
2 creatures vanquished.

Grand Total: 152 creatures vanquished

Notes
Turn   | Place    | Note
-------+----------+-------------------------------------------
     0 | D:1      | gitgud34 the Spriggan Enchanter began the quest for the Orb.
     0 | D:1      | Reached XP level 1. HP: 9/9 MP: 5/5
   444 | D:1      | Reached skill level 5 in Stealth
   602 | D:1      | Reached XP level 2. HP: 12/13 MP: 6/6
   606 | D:1      | Learned a level 2 spell: Ensorcelled Hibernation
  1324 | D:2      | Reached skill level 6 in Stealth
  1496 | D:2      | Reached XP level 3. HP: 16/16 MP: 8/8
  1501 | D:2      | Learned a level 3 spell: Confuse
  1996 | D:2      | Reached skill level 7 in Stealth
  3342 | D:3      | Reached XP level 4. HP: 21/21 MP: 9/9
  3769 | D:4      | Reached skill level 8 in Stealth
  3784 | D:4      | Noticed an ogre
  3789 | D:4      | Found a radiant altar of Vehumet.
  3800 | D:4      | Killed an ogre
  3800 | D:4      | Reached skill level 9 in Stealth
  3800 | D:4      | Reached XP level 5. HP: 24/24 MP: 3/10
  3906 | D:4      | Reached XP level 6. HP: 28/28 MP: 10/12
  3935 | D:4      | Noticed WobbleTop's ghost (novice OpFi)
  4288 | D:4      | Found a staircase to the Ecumenical Temple.
  4303 | Temple   | Entered the Ecumenical Temple
  4351 | Temple   | Became a worshipper of Ashenzari the Shackled
  4401 | D:4      | Reached skill level 5 in Hexes
  4751 | D:4      | Killed WobbleTop's ghost
  4751 | D:4      | Reached skill level 10 in Stealth
  4751 | D:4      | Reached skill level 5 in Spellcasting
  4751 | D:4      | Reached XP level 7. HP: 32/32 MP: 6/16
  4756 | D:4      | Learned a level 3 spell: Tukima's Dance
  4760 | D:4      | Learned a level 3 spell: Dazzling Spray
  5123 | D:5      | Entered Level 5 of the Dungeon
  5223 | D:5      | Reached skill level 1 in Ice Magic
  5546 | D:5      | Reached XP level 8. HP: 36/36 MP: 18/18
  5747 | D:6      | Reached skill level 1 in Conjurations
  5944 | D:6      | Noticed a moth of wrath
  5980 | D:6      | Found a bloodstained altar of Trog.
  6511 | D:6      | Found a shimmering altar of Xom.
  6514 | D:6      | Found a white marble altar of Elyvilon.
  6516 | D:6      | Found a deep blue altar of Sif Muna.
  6759 | D:7      | Reached * piety under Ashenzari
  6816 | D:7      | Reached skill level 11 in Stealth
  7462 | D:7      | Found a shimmering altar of Xom.
  7503 | D:7      | Reached XP level 9. HP: 39/39 MP: 21/21
  7537 | D:8      | Noticed Erica
  7680 | D:8      | Noticed a queen bee
  7686 | D:8      | Killed a queen bee
  8434 | D:8      | Found a glowing golden altar of the Shining One.
  8629 | D:7      | Shot with an arrow by a centaur

Vault maps used:
D:1:      minmay_arrival_plants_in_alcoves, minmay_tree_intersection,
          hangedman_decor_slide_cut
D:3:      first_bread
D:4:      vehumet_statue
D:6:      tgw_trog, nicolae_overflow_hidden_temple, serial_bayou_pond_c
D:7:      basic_altar
D:8:      grunt_temple_overflow_holy_war, eat_drink_and_be_merry_uskayaw,
          erik_lair_orcish_takeover, david_nohive_1, uniq_grum, uniq_erica
Temple:   nicolae_temple_god_jail

Skill      XL: |  1  2  3  4  5  6  7  8  9 |
---------------+----------------------------+-----
Stealth        | 5 6 7 9 10 11 | 11.8
Spellcasting   | 3 5 6 7 9 |  9.2
Hexes          | 4 6 7 8 |  8.1
Ice Magic      | 1 2 3 |  3.3
Conjurations   | 2 3 |  3.0
Short Blades   | |  1.1
Dodging        | |  3.0

Action                   |  1- 3 |  4- 6 |  7- 9 || total
-------------------------+-------+-------+-------++-------
Melee: Dagger            |   141 |    40 |   120 ||   301
 Cast: Corona            |    20 |       |       ||    20
       Ensorcelled Hiber |    28 |    16 |    72 ||   116
       Confuse           |       |    10 |    17 ||    27
Invok: Curse Item        |       |     3 |       ||     3
  Use: Scroll            |       |     3 |    11 ||    14
       Potion            |       |     1 |       ||     1
 Stab: Sleeping          |    24 |    21 |    70 ||   115
       Confused          |       |     3 |    13 ||    16
  Eat: Royal jelly       |     1 |       |       ||     1
       Pizza             |       |     1 |       ||     1
       Bread ration      |       |       |     1 ||     1
Armor: Robe              |     7 |     1 |     5 ||    13
Dodge: Dodged            |   100 |     7 |    85 ||   192
Block: Other             |    18 |     1 |    27 ||    46
       Reflection        |     1 |       |       ||     1
